 Dungeon Crawl Stone Soup version 0.20-a0-864-g92acfd1 (console) character file.

34 itsmu the Vexing (level 3, 0/26 HPs)
             Began as a Barachi Arcane Marksman on Mar 12, 2017.
             Slain by Terence
             ... wielding a +0 flail
              (9 damage)
             ... on level 1 of the Dungeon.
             The game lasted 00:03:32 (1815 turns).

itsmu the Vexing (Barachi Arcane Marksman)          Turns: 1815, Time: 00:03:33

Health: 0/26       AC:  2    Str: 11    XL:     3   Next: 31%
Magic:  4/5        EV: 12    Int: 14    God:
Gold:   49         SH:  0    Dex: 12    Spells: 4/5 levels left

rFire    . . .     SeeInvis .   b - +0 dagger (drain)
rCold    . . .     Gourm    .   e - +0 robe
rNeg     . . .     Faith    .   (no shield)
rPois    .         Spirit   .   (no helmet)
rElec    .         Reflect  .   (no cloak)
rCorr    .         Harm     .   (no gloves)
MR       .....                  (no boots)
Stlth    +.........             (no amulet)
Regen    0.1/turn               (no ring)
MPRegen  0.1/turn               (no ring)

@: can't hop, very slightly contaminated, slow
A: +LOS, swims, slowness 1, strong legs 1
a: Hop


You were on level 1 of the Dungeon.
You were not hungry.

You visited 1 branch of the dungeon, and saw 2 of its levels.

You collected 49 gold pieces.

Inventory:

Hand Weapons
 a - a +0 shortbow
 b - a +0 dagger of draining (weapon)
   (You took it off a goblin on level 1 of the Dungeon)
Missiles
 d - 30 arrows
Armour
 e - a +0 robe (worn)
 i - a +0 ring mail
   (You found it on level 1 of the Dungeon)
 p - a cursed +0 robe
   (You found it on level 1 of the Dungeon)
Jewellery
 l - an uncursed amulet of magic regeneration {unknown}
   (You found it on level 1 of the Dungeon)
Scrolls
 j - a scroll of recharging {unknown}
 m - a scroll of magic mapping {unknown}
 n - a scroll of amnesia {unknown}
Potions
 k - a potion of heal wounds {unknown}
 o - a potion of curing {unknown}
Books
 c - a book of Debilitation

   Spells                             Type                      Level
   a - Corona                         Hexes                        1
   b - Slow                           Hexes                        2
   c - Inner Flame                    Hexes/Fire                   3
   d - Portal Projectile              Hexes/Translocation          3
   e - Cause Fear                     Hexes                        4
   f - Leda's Liquefaction            Hexes/Earth                  4
Comestibles
 f - a bread ration
 q - 2 chunks of flesh


   Skills:
 - Level 1.2 Fighting
 * Level 3.0 Bows
 - Level 2.1 Dodging
 + Level 1.6 Spellcasting
 * Level 3.7 Hexes


You had 4 spell levels left.
You knew the following spells:

 Your Spells              Type           Power        Failure   Level  Hunger
a - Corona                Hex            ##.....      6%          1    ##.....


Dungeon Overview and Level Annotations

Branches:
Dungeon (2/15)

Altars:

Annotations:
D:1 Terence


Innate Abilities, Weirdness & Mutations

Shadows flee at your approach. (+LOS)
You can swim through water.
You cover ground slowly.
You can hop short distances.


Message History

Aim: Terence, wielding a flail and wearing a ring mail (heavily wounded, softly glowing, heavily drained)
You shoot an arrow. The arrow barely misses Terence.
Your extra speed is starting to run out.
Firing (i - inventory):
d - 31 arrows (quivered)
Press: ? - help, Shift-Dir - straight line, f/p - Terence
Aim: Terence, wielding a flail and wearing a ring mail (heavily wounded, softly glowing, heavily drained)
You shoot an arrow. The arrow hits Terence.
Terence is severely wounded.
Terence seems less drained.
There is a stone staircase leading up here.
You climb upwards.
There is a stone staircase leading down here.
Okay, then.
Unknown command.
You feel yourself slow down.
Terence stops glowing.
You sense an unholy aura.
b - a +0 dagger of draining (weapon)
Terence hits you with a flail!
You die...

###########
#.........#
#.#######.#
#.# #.# ###
#.# #M# ..#
#.# #@#
#.######.####
#.#
#...........#
#.#
########.##.#
#.# #.##.#
#.# #.##.#
#.# #.##.#
#.#
#.##.####.#


You could see Terence.

Vanquished Creatures
  2 adders (D:2)
  2 leopard geckos (D:1)
  A bat (D:1)
  3 hobgoblins (D:1)
  2 goblins (D:1)
  4 kobolds (D:1)
  2 rats (D:1)
16 creatures vanquished.

Notes
Turn   | Place    | Note
-------+----------+-------------------------------------------
     0 | D:1      | itsmu the Barachi Arcane Marksman began the quest for the Orb.
     0 | D:1      | Reached XP level 1. HP: 15/15 MP: 2/2
   509 | D:1      | Reached XP level 2. HP: 19/21 MP: 4/4
  1267 | D:2      | Noticed Terence
  1483 | D:2      | Reached XP level 3. HP: 21/26 MP: 3/5
  1815 | D:1      | Slain by Terence

Vault maps used:
D:1:      co_arrival_square_in_a_square_in_a_square
D:2:      grunt_temple_overflow_magic_moments, elyvilon_altar_4, uniq_iyjb,
          uniq_terence

Skill      XL: |  1  2  3 |
---------------+----------+-----
Bows           | 3 |  3.0
Fighting       | |  1.2
Dodging        | |  2.1
Spellcasting   | |  1.6
Hexes          | |  3.7

Action                   || total
-------------------------++-------
Melee: Dagger            ||    30
 Fire: Shortbow          ||    22
 Cast: Corona            ||     6
 Abil: Hop               ||     2
  Use: Scroll            ||     1
       Potion            ||     1
  Eat: Fruit             ||     1
       Chunk             ||     2
Armor: Robe              ||     3
Dodge: Dodged            ||    26
